Map: Rooftop Terrace

Players

eude - Winner!

  • Race: Terran Terran
  • Spawn Location: 5:00

odeoI - Winner!

  • Race: Terran Terran
  • Spawn Location: 6:00

GrimReaperXx - Winner!

  • Race: Protoss Protoss
  • League: Silver
  • Spawn Location: 7:00

Infamous - Winner!

  • Race: Protoss Protoss
  • League: Gold
  • Spawn Location: 6:00

PureSpirit

  • Race: Protoss Protoss
  • Spawn Location: 12:00

hitchhiker

  • Race: Terran Terran
  • Spawn Location: 11:00

CYGamer

  • Race: Terran Terran
  • Spawn Location: 1:00

deadtime

  • Race: Terran Terran
  • League: Bronze
  • Spawn Location: 12:00

VOD

Have the link to the VOD?

Description

Time

  • Played on: April 12, 2018, 9:07 a.m.
  • Length: 26:02
Show
View Real Time Build Order
Export as new Build Order

eude Terran - Winner!

Build Orders:  

Get SALT Encoding   

  12  0:04  SCV  
  13  0:16  SCV  
  14  0:24  Supply Depot  
  14  0:53  Barracks  
  14  1:00  Barracks  
  14  1:07  Barracks  
  14  1:23  Supply Depot  
  13  1:34  Barracks  
  13  1:42  Marine  
  14  1:50  Marine  
  15  1:57  Marine  
  16  2:15  Marine x2  
  16  2:16  Marine  
  19  2:29  Supply Depot  
  19  2:30  Marine  
  19  2:33  Marine  
  19  2:36  SCV  
  22  2:42  Marine  
  22  2:43  Marine  
  24  2:51  Marine  
  24  2:52  Marine  
  26  3:03  Marine  
  27  3:07  Marine  
  27  3:10  Bunker  
  28  3:14  Marine  
  28  3:16  Marine  
  30  3:28  Orbital Command  
  30  3:34  Marine  
  31  3:36  Marine  
  32  3:44  Marine  
  32  3:45  Marine  
  34  3:51  Marine  
  35  3:55  Marine  
  36  4:06  Engineering Bay  
  36  4:12  Refinery  
  36  4:24  Marine x2  
  36  4:25  Marine  
  31  6:02  Marine x4  
  35  6:20  Marine x2  
  37  6:29  Marine x2  
  36  6:38  Marine x2  
  33  6:47  Marine  
  31  7:05  SCV  
  32  7:17  SCV  
  29  7:38  Marine x4  
  29  7:40  SCV  
  30  7:56  Marine  
  31  8:04  SCV  
  32  8:16  SCV  
  33  8:35  Missile Turret  
  33  8:41  SCV  
  34  8:53  SCV  
  35  9:05  SCV  
  36  9:17  Missile Turret, SCV  
  37  9:30  SCV  
  38  9:36  Barracks Tech Lab  
  38  9:38  Sensor Tower  
  38  9:57  SCV  
  39  10:09  SCV  
  40  10:21  SCV  
  41  10:35  Command Center  
  41  10:42  Stimpack  
  41  10:44  SCV  
  42  11:06  SCV  
  43  11:12  Refinery  
  43  11:28  Bunker  
  43  11:32  Factory  
  43  11:35  SCV  
  44  11:47  SCV  
  45  11:58  Orbital Command  
  45  11:59  SCV  
  46  12:11  SCV  
  47  12:18  Factory Tech Lab  
  47  12:20  Missile Turret, Armory  
  47  12:23  SCV  
  47  12:27  SCV  
  49  12:39  SCV x2  
  51  12:47  Armory  
  51  12:51  SCV  
  52  12:53  Siege Tank  
  55  13:04  Missile Turret  
  55  13:08  Marine, SCV  
  55  13:11  SCV  
  58  13:55  Sensor Tower  
  58  14:03  Siege Tank  
  61  14:11  SCV  
  61  14:15  Refinery  
  62  14:20  Refinery  
  62  14:23  Command Center  
  62  14:32  Supply Depot  
  62  14:34  Bunker  
  62  14:53  Siege Tank, SCV x2  
  62  14:55  Supply Depot  
  62  14:58  Factory  
  62  14:59  Marine x3  
  70  15:09  Missile Turret  
  70  15:16  Marine, SCV  
  71  15:37  SCV  
  72  15:48  Thor  
  72  15:49  SCV  
  79  16:02  SCV  
  80  16:07  Factory Tech Lab  
  80  16:10  Factory  
  80  16:14  SCV  
  80  16:16  Terran Vehicle Weapons Level 1  
  81  16:20  SCV  
  82  16:26  SCV  
  82  16:28  Bunker  
  82  16:32  SCV  
  84  16:39  Widow Mine x2  
  83  16:54  Factory  
  83  17:00  Siege Tank  
  79  17:27  Marine x4  
  74  17:44  Marine x2  
  74  17:45  Marine  
  74  17:49  Marine  
  74  17:50  Thor x2  
  90  17:55  Factory Tech Lab  
  90  18:02  Marine x3  
  67  18:33  Siege Tank  
  68  18:36  Thor  
  71  19:05  Thor  
  77  19:19  Thor  
  83  19:48  Thor  
  89  20:02  Thor  
  95  20:25  Marine x4  
  97  20:44  Marine  
  97  20:46  Thor  
  97  20:47  Thor  
  68  21:29  Thor  
  68  21:30  Thor  
  80  21:41  Marine x3  
  83  21:59  Marine x3  
  86  22:12  Thor  
  92  22:17  Marine  
  93  23:11  Supply Depot  
  93  23:33  Marine x2, Thor  
  101  23:35  Supply Depot  
  101  23:45  Marine, SCV, Thor  
  109  23:57  Marine x2, SCV  
  109  23:58  Supply Depot  
  112  24:03  Marine  
  112  24:09  SCV  
  114  24:14  Marine x2  
  116  24:20  Marine  
  116  24:21  Supply Depot, SCV  
  118  24:32  Marine x2  
  118  24:33  SCV  
  121  24:38  Marine  
  121  24:42  Thor  
  128  24:46  SCV  
  128  24:50  Marine x2  
  131  24:56  Marine  
  132  25:08  Marine  
  133  25:27  Marine  
Show
View Real Time Build Order
Export as new Build Order

odeoI Terran - Winner!

Build Orders:  

Get SALT Encoding   

  12  0:39  Command Center  
  12  0:57  SCV  
  12  1:02  Supply Depot  
  13  1:10  SCV  
  14  1:16  Refinery  
  14  1:27  Barracks  
  14  1:38  Supply Depot, SCV  
  15  1:51  SCV  
  16  2:11  Engineering Bay  
  16  2:33  Barracks Reactor  
  16  2:34  Orbital Command  
  16  2:36  Orbital Command  
  16  2:52  Refinery  
  16  2:59  Factory  
  16  3:14  SCV  
  17  3:25  Command Center  
  17  3:32  SCV  
  17  3:33  SCV  
  19  3:35  Marine x2  
  21  3:44  SCV  
  21  3:45  SCV  
  23  4:02  Armory  
  23  4:03  Factory Tech Lab  
  23  4:04  Marine x2  
  25  4:10  Terran Infantry Weapons Level 1  
  25  4:13  SCV  
  26  4:17  SCV  
  26  4:23  Refinery  
  27  4:25  Refinery  
  27  4:26  SCV  
  27  4:29  SCV  
  29  4:37  Siege Tank  
  29  4:38  Marine x2, SCV  
  30  4:56  Marine  
  30  4:59  Terran Vehicle And Ship Armor Level 1  
  31  5:06  Supply Depot  
  31  5:13  Supply Depot  
  31  5:14  Marine  
  31  5:15  Marine  
  32  5:31  SCV  
  32  5:32  Marine x2, SCV  
  38  5:43  SCV, Orbital Command  
  38  5:45  SCV  
  39  5:50  Marine  
  39  5:57  SCV  
  41  5:59  Marine  
  42  6:04  Terran Infantry Armor Level 1  
  42  6:08  Marine  
  42  6:09  SCV  
  44  6:17  Marine  
  45  6:21  SCV  
  45  6:25  Armory  
  46  6:26  Marine  
  46  6:28  Starport  
  47  6:33  SCV  
  47  6:35  Marine  
  47  6:36  Siege Tank  
  49  6:43  Marine  
  50  6:53  Marine  
  44  6:58  Terran Ship Weapons Level 1  
  44  7:01  Marine  
  45  7:08  Siege Tank  
  45  7:11  Marine  
  45  7:14  Starport Reactor  
  49  7:16  Terran Vehicle Weapons Level 1  
  49  7:18  Armory  
  49  7:19  Marine, SCV  
  51  7:27  SCV  
  51  7:28  Marine  
  53  7:31  SCV  
  53  7:33  Starport  
  54  7:37  Marine  
  54  7:39  SCV  
  54  7:42  SCV  
  54  7:43  SCV  
  58  7:46  Marine  
  59  7:54  SCV  
  59  7:55  SCV  
  61  8:00  Missile Turret  
  61  8:03  Missile Turret  
  61  8:17  Supply Depot  
  61  8:18  Supply Depot  
  61  8:20  Supply Depot  
  61  8:22  Command Center  
  61  8:23  Missile Turret  
  61  8:28  Supply Depot  
  61  8:30  Supply Depot  
  61  8:37  Terran Vehicle And Ship Armor Level 2  
  61  8:38  SCV  
  61  8:39  SCV  
  63  8:43  Starport Reactor  
  63  8:44  Viking x2  
  67  8:50  Supply Depot  
  67  8:51  SCV x2  
  67  8:52  Supply Depot  
  69  9:03  SCV x2  
  71  9:10  Missile Turret  
  71  9:12  Missile Turret  
  71  9:14  Viking x2  
  71  9:15  SCV  
  76  9:18  Refinery  
  76  9:20  Refinery  
  76  9:27  SCV  
  77  9:35  Viking x2  
  77  9:37  Terran Ship Weapons Level 2  
  81  9:39  SCV  
  81  9:41  Marine x2  
  81  9:44  Viking x2  
  81  9:45  Terran Vehicle Weapons Level 2  
  88  9:51  SCV  
  89  10:03  SCV  
  90  10:07  Command Center  
  90  10:14  Viking  
  90  10:16  Viking  
  90  10:17  Viking x2  
  84  10:44  Viking  
  84  10:46  Viking x2  
  84  10:47  Viking  
  91  11:06  Terran Vehicle And Ship Armor Level 3  
  91  11:10  Marine  
  91  11:11  Marine  
  93  11:14  Viking  
  93  11:16  Viking x2  
  93  11:17  Viking  
  101  11:28  Marine  
  101  11:29  Marine, Missile Turret  
  101  11:32  Bunker  
  103  11:44  Viking  
  103  11:46  Marine x2, Viking  
  109  11:52  Missile Turret  
  109  12:02  Bunker  
  109  12:04  Marine x2, Missile Turret  
  109  12:05  Missile Turret, Orbital Command  
  111  12:14  Viking  
  111  12:15  Viking x2  
  115  12:16  Viking  
  115  12:17  Terran Ship Weapons Level 3  
  115  12:21  Marine  
  115  12:22  Marine  
  121  12:24  Missile Turret  
  119  12:53  Refinery  
  119  12:57  Planetary Fortress  
  119  12:58  Missile Turret  
  119  13:09  Viking x2  
  119  13:10  Viking x2  
  127  13:13  Marine  
  127  13:14  Marine  
  127  13:16  Terran Vehicle Weapons Level 3  
  127  13:17  Siege Tank  
  127  13:18  Terran Infantry Armor Level 2  
  132  13:24  Engineering Bay  
  132  13:31  Marine  
  132  13:32  Marine  
  134  13:39  Viking x2  
  134  13:40  Viking x2  
  142  13:49  Marine x2, Siege Tank  
  142  13:55  Terran Infantry Weapons Level 2  
  147  13:58  Supply Depot  
  147  14:04  Supply Depot  
  147  14:05  Supply Depot  
  147  14:06  Supply Depot  
  147  14:09  Supply Depot  
  147  14:19  Viking x4  
  155  14:25  Marine x2  
  157  14:49  Viking x4  
  165  15:19  Viking x4  
  149  15:36  Marine x2  
  151  15:49  Viking x4  
  152  15:54  Marine x2  
  131  16:11  Marine  
  131  16:12  Marine  
  124  16:19  Viking x4  
  132  16:29  Marine  
  132  16:30  Marine  
  110  16:47  Marine x2  
  110  16:49  Viking x4  
  96  17:05  Marine x2  
  86  17:11  Terran Infantry Armor Level 3  
  86  17:14  Terran Infantry Weapons Level 3  
  86  17:19  Viking x4  
  94  17:23  Marine x2  
  94  17:29  Starport  
  96  17:33  Starport  
  96  17:37  Barracks  
  96  17:39  Barracks  
  96  17:40  Marine  
  96  17:41  Marine  
  98  17:49  Viking x4  
  106  17:58  Marine  
  106  17:59  Marine  
  108  18:07  Refinery  
  108  18:10  Supply Depot, Refinery  
  108  18:18  Starport Reactor  
  108  18:19  Starport Reactor, Viking x4  
  116  18:21  Marine x2  
  105  18:39  Marine x2  
  98  18:52  Refinery  
  98  18:56  Marine  
  98  18:57  Marine  
  90  19:14  Marine  
  90  19:15  Marine  
  92  19:20  Viking x2  
  92  19:21  Viking x2  
  92  19:22  Viking x2  
  92  19:23  Viking x2  
  108  19:50  Viking x2  
  108  19:51  Viking x2  
  108  19:52  Viking x2  
  120  19:53  Viking x2  
  124  20:10  Barracks Reactor  
  124  20:12  Barracks Tech Lab  
  124  20:20  Viking x2  
  128  20:21  Viking  
  128  20:22  Viking x2  
  128  20:23  Viking x2  
  138  20:30  Viking  
  140  20:50  Viking x2  
  140  20:52  Viking x2  
  140  20:53  Viking x2  
  130  21:20  Viking x2  
  124  21:39  Viking x2  
  128  21:40  Viking  
  128  21:41  Viking  
  132  21:50  Viking x2  
  136  21:57  Viking x2  
  140  22:09  Viking x2  
  140  22:10  Viking x2  
  148  22:20  Viking  
  150  22:27  Viking x2  
  154  22:39  Viking  
  154  22:40  Viking  
  158  22:57  Viking  
  124  24:27  Viking x2  
  124  24:29  Viking x2  
  124  24:30  Viking x2  
  136  24:39  Viking  
  136  24:40  Viking  
  140  24:57  Viking x2  
  140  24:59  Viking x2  
  148  25:00  Viking x2  
  152  25:09  Viking  
  152  25:10  Viking  
  156  25:27  Viking x2  
  160  25:29  Viking x2  
  160  25:30  Viking x2  
Show
View Real Time Build Order
Export as new Build Order

GrimReaperXx Protoss - Winner!

Build Orders: Nexus First 

Get SALT Encoding   

  12  0:08  Probe  
  13  0:21  Probe  
  14  0:33  Probe, Pylon  
  15  1:00  Nexus  
  15  1:15  Pylon, Probe  
  16  1:27  Probe  
  16  1:32  Forge  
  17  1:39  Probe  
  17  2:10  Probe  
  17  2:15  Assimilator  
  18  2:21  Gateway  
  19  2:25  Probe (Chrono Boost)  
  19  2:26  Probe (Chrono Boost)  
  19  2:27  Pylon  
  20  2:36  Probe (Chrono Boost)  
  22  2:38  Probe (Chrono Boost)  
  22  2:41  Probe (Chrono Boost)  
  23  2:51  Photon Cannon  
  23  2:52  Probe  
  23  2:55  Photon Cannon  
  24  3:03  Pylon  
  24  3:04  Probe  
  25  3:10  Assimilator  
  25  3:15  Cybernetics Core  
  25  3:16  Probe x2 (Chrono Boost)  
  29  3:28  Probe (Chrono Boost)  
  29  3:30  Assimilator  
  29  3:32  Probe (Chrono Boost)  
  29  3:34  Probe (Chrono Boost)  
  29  3:40  Probe (Chrono Boost)  
  31  3:42  Probe (Chrono Boost)  
  32  3:54  Probe (Chrono Boost)  
  34  3:56  Probe (Chrono Boost)  
  34  3:57  Assimilator  
  34  3:59  Probe (Chrono Boost)  
  34  4:01  Stargate  
  35  4:03  Probe  
  35  4:06  Stargate  
  35  4:09  Probe  
  37  4:11  Pylon  
  37  4:15  Probe  
  38  4:18  Shield Battery  
  38  4:21  Probe  
  39  4:32  Pylon  
  39  4:33  Probe  
  40  4:41  Shield Battery  
  33  5:17  Void Ray (Chrono Boost)  
  33  5:18  Void Ray (Chrono Boost)  
  41  5:29  Probe  
  42  5:41  Probe  
  43  5:53  Probe, Void Ray (Chrono Boost)  
  43  5:54  Void Ray (Chrono Boost)  
  52  5:59  Probe  
  53  6:05  Probe  
  53  6:11  Probe  
  55  6:17  Probe  
  56  6:23  Probe  
  57  6:29  Probe  
  57  6:32  Void Ray x2 (Chrono Boost)  
  66  6:44  Probe  
  67  7:27  Pylon  
  67  7:29  Pylon  
  67  7:31  Pylon  
  67  7:38  Stargate  
  67  7:42  Stargate  
  67  7:44  Void Ray x2 (Chrono Boost)  
  75  7:56  Protoss Air Weapons Level 1  
  75  7:58  Nexus  
  75  8:08  Probe  
  76  8:13  Pylon  
  76  8:14  Pylon  
  76  8:16  Pylon  
  76  8:18  Void Ray (Chrono Boost)  
  76  8:19  Assimilator  
  76  8:20  Void Ray  
  76  8:25  Void Ray  
  88  8:28  Void Ray  
  91  9:00  Void Ray  
  95  9:03  Void Ray  
  99  9:16  Probe, Assimilator  
  100  9:20  Probe  
  101  9:28  Probe  
  102  9:32  Probe  
  103  9:39  Void Ray (Chrono Boost)  
  103  9:40  Probe, Void Ray x2 (Chrono Boost)  
  103  9:45  Probe, Void Ray (Chrono Boost)  
  117  9:51  Protoss Air Armor Level 1 (Chrono Boost)  
  117  10:42  Void Ray x2  
  125  11:10  Pylon  
  125  11:13  Pylon  
  125  11:15  Pylon  
  125  11:17  Fleet Beacon  
  125  11:20  Stargate  
  125  11:27  Pylon  
  125  11:28  Void Ray x2  
  125  11:30  Void Ray x2  
  125  12:11  Void Ray  
  69  12:36  Void Ray (Chrono Boost)  
  85  12:37  Void Ray x2 (Chrono Boost)  
  85  12:38  Void Ray (Chrono Boost)  
  85  12:54  Void Ray (Chrono Boost)  
  89  13:01  Pylon  
  89  13:15  Protoss Air Weapons Level 2  
  89  13:16  Tempest x2 (Chrono Boost)  
  107  13:24  Tempest (Chrono Boost)  
  107  13:38  Tempest x2  
  119  13:52  Tempest  
  119  13:54  Tempest  
  131  14:07  Tempest  
  137  14:37  Tempest (Chrono Boost)  
  137  14:38  Tempest (Chrono Boost)  
  153  14:39  Void Ray (Chrono Boost)  
  153  14:46  Void Ray (Chrono Boost)  
  157  14:53  Void Ray (Chrono Boost)  
  161  15:15  Graviton Catapult  
  161  15:18  Void Ray  
  161  15:19  Pylon  
  161  15:20  Pylon  
  165  15:37  Void Ray  
  49  16:49  Carrier x5 (Chrono Boost)  
  78  18:08  Void Ray x5  
  81  18:50  Void Ray x2  
  81  18:51  Void Ray  
  93  19:23  Void Ray  
  97  19:24  Void Ray  
  101  20:08  Nexus  
  101  20:20  Pylon, Assimilator x2  
  101  20:39  Void Ray  
  101  24:02  Void Ray x5 (Chrono Boost)  
  117  24:52  Void Ray x2 (Chrono Boost)  
Show
View Real Time Build Order
Export as new Build Order

Infamous Protoss - Winner!

Build Orders:  

Get SALT Encoding   

  12  0:01  Probe  
  13  0:15  Pylon  
  13  0:18  Probe (Chrono Boost)  
  14  0:28  Probe (Chrono Boost)  
  15  0:37  Probe, Gateway  
  16  0:52  Probe  
  17  1:00  Assimilator  
  17  1:06  Probe  
  18  1:32  Probe  
  19  1:33  Zealot  
  19  1:37  Cybernetics Core  
  21  1:41  Assimilator  
  21  1:45  Pylon  
  21  1:57  Probe  
  21  1:59  Pylon  
  22  2:02  Gateway  
  22  2:18  Gateway  
  22  2:19  Probe  
  23  2:26  Stalker (Chrono Boost)  
  23  2:29  Warp Gate (Chrono Boost)  
  24  2:31  Probe  
  25  2:42  Forge  
  25  2:43  Probe  
  26  2:53  Stalker (Chrono Boost)  
  28  3:06  Robotics Facility  
  28  3:08  Probe  
  29  3:24  Protoss Ground Weapons Level 1  
  29  3:32  Shield Battery  
  29  3:37  Photon Cannon  
  29  3:38  Probe  
  30  3:53  Observer  
  31  3:56  Probe  
  32  4:08  Probe  
  33  4:17  Pylon  
  33  4:22  Nexus  
  33  4:31  Stalker  
  35  4:32  Sentry  
  35  4:33  Sentry  
  39  4:42  Probe  
  40  4:56  Stargate  
  40  5:00  Protoss Air Weapons Level 1 (Chrono Boost)  
  40  5:11  Stalker  
  40  5:13  Zealot x2  
  46  5:35  Probe  
  46  5:36  Probe  
  46  5:48  Probe x2  
  36  5:58  Stalker  
  36  5:59  Pylon  
  36  6:00  Sentry  
  36  6:01  Assimilator  
  36  6:02  Assimilator  
  36  6:03  Pylon  
  36  6:04  Pylon  
  36  6:20  Stalker, Void Ray (Chrono Boost)  
  40  6:45  Stalker x3  
  46  7:12  Stalker  
  46  7:13  Stalker x2  
  53  7:30  Probe (Chrono Boost), Pylon  
  53  7:33  Pylon  
  53  7:35  Probe (Chrono Boost), Void Ray  
  58  7:40  Probe (Chrono Boost)  
  58  7:44  Probe (Chrono Boost)  
  60  7:59  Probe  
  61  8:11  Nexus  
  61  8:13  Pylon  
  61  8:15  Pylon  
  61  8:16  Stargate  
  61  8:17  Pylon  
  61  8:28  Fleet Beacon  
  61  8:31  Stalker  
  61  8:33  Sentry  
  65  8:47  Protoss Air Armor Level 1 (Chrono Boost)  
  69  8:50  Void Ray (Chrono Boost)  
  69  8:59  Void Ray (Chrono Boost)  
  73  9:12  Probe (Chrono Boost)  
  75  9:17  Probe (Chrono Boost)  
  75  9:25  Assimilator  
  75  9:28  Void Ray (Chrono Boost)  
  79  9:40  Assimilator  
  79  9:43  Probe (Chrono Boost)  
  79  9:45  Probe x2 (Chrono Boost)  
  82  9:55  Probe x2 (Chrono Boost)  
  82  9:56  Protoss Shields Level 1 (Chrono Boost)  
  82  9:57  Stargate  
  84  10:00  Pylon  
  84  10:33  Carrier x2  
  96  10:36  Anion Pulse-Crystals (Chrono Boost)  
  96  10:40  Probe  
  96  10:41  Probe  
  98  10:56  Void Ray  
  102  10:57  Probe x2  
  102  11:02  Protoss Air Weapons Level 2 (Chrono Boost)  
  104  11:32  Stargate  
  104  11:35  Stargate  
  104  11:39  Photon Cannon  
  104  11:42  Photon Cannon  
  104  11:45  Graviton Catapult (Chrono Boost)  
  110  11:47  Carrier (Chrono Boost)  
  110  11:51  Probe x2  
  122  12:33  Void Ray (Chrono Boost)  
  122  12:35  Carrier (Chrono Boost)  
  122  12:58  Void Ray x2 (Chrono Boost)  
  130  13:01  Protoss Air Armor Level 2 (Chrono Boost)  
  130  13:15  Twilight Council  
  122  13:39  Carrier x3  
  122  13:40  Carrier  
  96  14:23  Carrier (Chrono Boost)  
  94  14:27  Probe x3  
  97  14:33  Protoss Shields Level 2 (Chrono Boost)  
  97  14:39  Probe  
  94  14:52  Probe x3  
  97  14:57  Protoss Air Weapons Level 3 (Chrono Boost)  
  93  15:21  Carrier (Chrono Boost)  
  111  15:30  Carrier x2 (Chrono Boost)  
  111  15:46  Mothership  
  119  16:16  Nexus  
  119  16:18  Pylon  
  119  16:20  Pylon x2  
  119  16:24  Pylon  
  119  16:39  Assimilator x2  
  113  17:20  Carrier x2 (Chrono Boost)  
  113  17:21  Carrier (Chrono Boost)  
  143  17:31  Carrier x2 (Chrono Boost)  
  143  17:41  Probe  
  143  17:42  Probe  
  145  17:47  Photon Cannon  
  145  17:49  Photon Cannon  
  145  17:52  Photon Cannon  
  145  17:56  Protoss Air Armor Level 3 (Chrono Boost)  
  125  18:44  Carrier x3 (Chrono Boost)  
  125  18:46  Carrier (Chrono Boost)  
  147  19:25  Carrier (Chrono Boost)  
  147  19:32  Pylon  
  147  19:35  Pylon  
  147  19:38  Pylon  
  147  20:02  Carrier  
  147  20:05  Protoss Shields Level 3  
  129  21:12  Carrier x4  
  153  21:28  Carrier  
  153  22:38  Carrier x2 (Chrono Boost)  
  165  23:34  Carrier x2 (Chrono Boost)  
  165  23:35  Carrier (Chrono Boost)  
  183  24:21  Probe x2  
  183  24:22  Probe  
  186  24:25  Carrier x2  
Show
View Real Time Build Order
Export as new Build Order

PureSpirit Protoss 

Build Orders:  

Get SALT Encoding   

  12  0:04  Probe  
  13  0:16  Probe  
  14  0:26  Pylon  
  14  0:28  Probe  
  15  0:44  Probe (Chrono Boost)  
  15  0:45  Gateway  
  16  0:56  Probe (Chrono Boost)  
  17  1:03  Probe (Chrono Boost)  
  18  1:07  Forge  
  18  1:10  Probe  
  19  2:00  Probe (Chrono Boost)  
  20  2:10  Probe (Chrono Boost)  
  20  2:14  Nexus  
  20  2:15  Probe (Chrono Boost)  
  22  2:25  Pylon  
  22  2:26  Probe  
  23  2:42  Pylon  
  23  2:43  Probe (Chrono Boost)  
  24  2:49  Assimilator  
  24  2:54  Probe (Chrono Boost), Assimilator  
  25  2:58  Probe (Chrono Boost)  
  25  3:03  Assimilator  
  26  3:09  Probe (Chrono Boost)  
  26  3:12  Assimilator  
  28  3:21  Probe (Chrono Boost)  
  28  3:26  Probe (Chrono Boost)  
  28  3:31  Cybernetics Core  
  29  3:35  Probe  
  30  3:43  Pylon  
  30  3:46  Pylon  
  30  3:48  Probe  
  31  4:01  Photon Cannon  
  31  4:10  Photon Cannon  
  31  4:16  Probe (Chrono Boost)  
  32  4:26  Probe (Chrono Boost)  
  32  4:28  Probe (Chrono Boost)  
  34  4:36  Probe x2 (Chrono Boost)  
  36  4:41  Probe (Chrono Boost), Stargate  
  37  4:46  Stargate  
  37  4:52  Probe (Chrono Boost)  
  38  5:01  Probe (Chrono Boost)  
  38  5:03  Probe (Chrono Boost)  
  38  5:06  Probe (Chrono Boost)  
  40  5:10  Nexus  
  40  5:12  Probe  
  40  5:13  Assimilator  
  42  5:18  Probe, Assimilator  
  43  5:22  Pylon  
  43  5:24  Probe  
  44  5:30  Probe  
  44  5:33  Void Ray x2  
  53  5:36  Probe  
  54  5:43  Stargate  
  54  5:46  Stargate  
  54  5:56  Probe (Chrono Boost)  
  55  6:04  Probe (Chrono Boost)  
  56  6:07  Probe (Chrono Boost)  
  56  6:10  Pylon  
  58  6:11  Pylon  
  58  6:12  Probe (Chrono Boost)  
  58  6:14  Probe (Chrono Boost)  
  58  6:17  Probe (Chrono Boost)  
  60  6:28  Probe  
  61  6:33  Stargate  
  61  6:37  Void Ray x2  
  69  6:45  Stargate  
  69  6:48  Probe (Chrono Boost)  
  70  6:58  Probe (Chrono Boost)  
  71  7:02  Pylon  
  71  7:04  Probe (Chrono Boost)  
  71  7:08  Probe (Chrono Boost)  
  73  7:13  Void Ray  
  78  7:18  Probe (Chrono Boost)  
  78  7:19  Probe (Chrono Boost)  
  78  7:21  Protoss Air Weapons Level 1  
  79  7:23  Probe (Chrono Boost)  
  79  7:24  Protoss Shields Level 1  
  79  7:26  Probe (Chrono Boost)  
  83  7:38  Probe (Chrono Boost)  
  83  7:40  Probe (Chrono Boost)  
  83  7:44  Probe (Chrono Boost)  
  84  7:52  Probe  
  85  8:05  Pylon, Probe  
  86  8:06  Pylon  
  86  8:08  Nexus  
  86  8:17  Probe  
  86  8:18  Fleet Beacon  
  87  8:20  Pylon  
  87  8:22  Pylon  
  87  8:35  Void Ray x3 (Chrono Boost)  
  103  8:45  Void Ray (Chrono Boost)  
  103  8:52  Assimilator  
  103  8:53  Assimilator  
  103  9:00  Probe  
  104  9:06  Carrier x2  
  116  9:12  Probe  
  116  9:15  Stargate  
  117  9:19  Stargate  
  117  9:21  Pylon  
  117  9:22  Pylon  
  117  9:24  Probe  
  117  9:27  Pylon  
  118  9:33  Twilight Council  
  118  9:34  Anion Pulse-Crystals  
  118  9:36  Probe  
  119  9:48  Probe  
  104  10:25  Void Ray x2  
  104  10:26  Void Ray x4  
  128  10:33  Void Ray x2 (Chrono Boost)  
  132  10:38  Graviton Catapult  
  116  11:05  Carrier x2 (Chrono Boost)  
  128  11:16  Void Ray x2 (Chrono Boost)  
  144  11:21  Void Ray (Chrono Boost)  
  144  11:22  Void Ray (Chrono Boost)  
  144  11:33  Carrier  
  150  11:52  Carrier (Chrono Boost)  
  120  12:30  Carrier (Chrono Boost)  
  120  12:31  Void Ray (Chrono Boost)  
  120  12:32  Void Ray x2 (Chrono Boost)  
  120  12:34  Void Ray x2 (Chrono Boost)  
  130  13:03  Carrier (Chrono Boost), Protoss Air Armor Level 1  
  130  13:11  Carrier (Chrono Boost)  
  142  13:21  Carrier (Chrono Boost)  
  148  13:53  Carrier x2  
  148  14:27  Carrier x3  
  166  14:43  Void Ray x2  
  166  14:44  Void Ray  
  144  15:38  Probe  
  145  15:50  Probe  
  145  15:51  Void Ray x4  
  145  15:53  Void Ray  
  145  15:56  Carrier  
  172  16:03  Probe, Nexus  
  173  16:28  Probe  
  156  16:40  Probe  
  133  17:24  Carrier x3  
  133  17:25  Carrier x2  
  163  17:36  Pylon  
  163  17:37  Pylon  
  163  17:39  Pylon  
  163  17:42  Probe (Chrono Boost)  
  165  17:52  Probe (Chrono Boost)  
  165  17:57  Probe (Chrono Boost)  
  166  18:08  Probe  
  167  18:20  Probe  
  98  18:48  Carrier x2  
  98  18:49  Carrier  
  98  18:55  Void Ray  
  120  19:24  Void Ray  
  124  19:46  Void Ray (Chrono Boost)  
  124  19:47  Void Ray (Chrono Boost)  
  138  20:23  Void Ray (Chrono Boost)  
Show
View Real Time Build Order
Export as new Build Order

hitchhiker Terran 

Build Orders: Cyclone Opening 

Get SALT Encoding   

  12  0:06  SCV  
  13  0:18  Supply Depot  
  13  0:22  Refinery  
  13  0:30  SCV  
  14  0:42  Barracks  
  14  0:51  SCV  
  15  1:02  Refinery  
  15  1:04  SCV  
  16  1:20  SCV  
  17  1:37  Barracks Reactor  
  17  1:41  Orbital Command  
  17  1:45  Factory  
  17  2:08  SCV  
  17  2:39  SCV  
  18  2:44  Supply Depot  
  18  2:47  Cyclone  
  21  2:58  Cyclone  
  24  3:19  Cyclone  
  27  3:30  Widow Mine  
  29  3:51  Cyclone  
  32  4:04  SCV  
  33  4:26  Command Center  
  21  5:43  SCV  
  22  5:54  SCV  
  22  5:56  SCV  
  21  6:06  SCV  
  21  6:07  Cyclone x2  
  21  6:08  SCV  
  29  6:11  Barracks Tech Lab  
  29  6:17  Starport  
  29  6:18  SCV  
  29  6:20  SCV  
  29  6:23  Factory  
  31  6:31  SCV  
  31  6:32  SCV  
  33  6:43  SCV  
  33  6:44  SCV  
  35  6:55  SCV  
  35  6:56  SCV  
  37  7:07  SCV  
  37  7:08  Medivac, SCV  
  40  7:09  Factory Tech Lab  
  40  7:11  Marauder  
  40  7:13  Supply Depot  
  43  7:19  SCV, Armory  
  44  7:23  Engineering Bay  
  44  7:30  Siege Tank  
  44  7:31  SCV  
  49  7:44  Refinery  
  49  7:46  Refinery  
  49  7:47  Orbital Command  
  48  8:06  Armory  
  48  8:09  SCV  
  48  8:10  Missile Turret  
  48  8:11  Terran Vehicle And Ship Armor Level 1  
  49  8:13  Starport Reactor  
  49  8:21  SCV  
  49  8:23  Barracks Tech Lab  
  49  8:24  Factory  
  44  8:56  Widow Mine x2  
  46  9:13  Supply Depot  
  46  9:15  Viking x2  
  50  9:17  Missile Turret  
  50  9:21  Terran Vehicle Weapons Level 1  
  50  9:25  Supply Depot  
  50  9:35  Widow Mine x2  
  54  9:39  Missile Turret  
  58  9:52  Widow Mine  
  58  9:53  Command Center, Widow Mine  
  58  9:54  Drilling Claws  
  58  9:58  Supply Depot  
  58  10:08  Factory  
  58  10:13  Thor x2  
  70  10:16  Missile Turret  
  70  10:17  SCV  
  71  10:29  SCV  
  72  10:41  SCV  
  73  10:52  Widow Mine x2  
  73  10:53  SCV  
  73  10:55  Factory Tech Lab  
  73  10:56  Thor  
  73  10:57  Widow Mine  
  86  11:09  Terran Vehicle And Ship Armor Level 2  
  86  11:14  SCV  
  86  11:15  Supply Depot  
  86  11:17  Thor  
  93  11:23  SCV  
  94  11:26  SCV  
  95  11:35  SCV  
  95  11:37  Missile Turret  
  95  11:38  SCV  
  95  11:39  Widow Mine x2, Thor  
  107  11:48  SCV  
  100  12:00  SCV, Widow Mine x2  
  99  12:12  SCV  
  100  12:54  SCV  
  101  12:59  Refinery  
  101  13:00  Refinery  
  101  13:04  Missile Turret  
  101  13:06  SCV  
  101  13:11  Widow Mine x2  
  106  13:18  SCV, Thor x2  
  119  13:24  Missile Turret  
  119  13:25  Supply Depot  
  119  13:30  SCV  
  120  13:37  SCV  
  120  13:40  SCV  
  122  13:42  SCV  
  122  13:44  Missile Turret, Widow Mine  
  122  13:47  Widow Mine  
  127  13:49  Supply Depot, SCV  
  127  13:52  SCV  
  127  13:55  Terran Vehicle Weapons Level 2  
  129  14:01  SCV, Widow Mine, Thor  
  138  14:05  SCV  
  138  14:06  Widow Mine  
  138  14:09  Widow Mine  
  143  14:11  Supply Depot  
  143  14:13  SCV  
  145  14:17  SCV  
  145  14:22  Thor  
  151  14:25  SCV  
  151  14:27  Widow Mine, Orbital Command  
  151  14:29  Missile Turret, SCV  
  151  14:30  Widow Mine  
  157  14:34  Supply Depot  
  157  14:38  SCV  
  158  14:44  Widow Mine  
  160  14:48  Widow Mine  
  160  14:50  SCV  
  160  14:51  Widow Mine  
  165  14:56  Missile Turret x3  
  165  15:02  SCV  
  165  15:04  SCV  
  165  15:05  Widow Mine  
  165  15:06  Widow Mine  
  171  15:09  Missile Turret  
  171  15:10  Widow Mine  
  173  15:14  SCV  
  173  15:17  SCV  
  175  15:23  Command Center  
  175  15:26  Thor  
  181  15:29  Missile Turret  
  181  15:33  Missile Turret  
  181  15:48  Missile Turret  
  181  15:53  Thor  
  180  16:01  Widow Mine x2  
  174  16:09  Thor  
  180  16:21  SCV  
  181  16:35  Command Center  
  181  16:45  SCV, Widow Mine x2  
  186  16:50  Thor  
  186  17:07  Widow Mine  
  186  17:46  Thor x2  
  186  17:47  Terran Vehicle And Ship Armor Level 3  
  186  17:48  Terran Vehicle Weapons Level 3  
  198  17:58  Refinery  
  198  17:59  Refinery, Planetary Fortress  
  111  19:21  Widow Mine x2  
  111  19:22  Widow Mine x2  
  107  19:30  Missile Turret  
  107  19:31  Missile Turret  
  107  19:42  Thor x2  
  107  19:43  Widow Mine x2  
  123  19:50  Missile Turret  
  123  19:51  Missile Turret  
  123  20:00  Missile Turret  
  123  20:04  Widow Mine x2  
  123  20:06  Missile Turret  
  121  20:11  Missile Turret  
  97  20:25  Widow Mine  
  97  20:26  Missile Turret, Widow Mine x2  
  92  20:41  Widow Mine  
  86  20:47  Widow Mine x2  
  86  20:49  Missile Turret  
  90  20:52  Widow Mine  
  80  21:02  Widow Mine  
  74  21:09  Widow Mine  
  76  21:14  Widow Mine  
  72  21:24  Widow Mine  
  71  21:35  Widow Mine  
  73  21:45  Widow Mine  
  77  21:57  Widow Mine  
  79  22:06  Widow Mine  
  77  22:18  Widow Mine  
  64  22:28  Widow Mine  
  66  22:32  Command Center  
  66  22:34  Supply Depot x2  
  57  23:02  Engineering Bay  
  57  23:05  Barracks  
  57  23:09  Supply Depot  
  57  23:12  Supply Depot x2  
  52  23:32  Supply Depot  
  40  23:36  Supply Depot  
  30  23:52  Supply Depot  
  30  23:55  Supply Depot, Missile Turret  
  30  23:57  Missile Turret  
  30  23:58  Missile Turret  
  28  24:03  Barracks Tech Lab  
  28  24:05  Missile Turret x2  
  28  24:08  Missile Turret  
  28  24:09  Missile Turret  
  28  24:11  Barracks  
  28  24:12  Barracks x2  
  28  24:15  Barracks  
  28  24:17  Missile Turret  
  28  24:19  Missile Turret  
  28  24:20  Supply Depot  
  28  24:23  Orbital Command  
  26  24:28  Missile Turret  
  26  24:29  Missile Turret  
  26  24:31  Missile Turret  
  26  24:35  Barracks  
  26  24:37  Barracks  
  26  24:38  Missile Turret  
  26  24:39  Barracks  
  26  24:40  Barracks  
  26  24:48  Supply Depot  
  26  24:49  Marine  
  27  24:57  Marine  
  28  25:00  Barracks  
  28  25:03  Marine  
  28  25:04  Marine x2  
  31  25:07  Marine  
  31  25:12  Supply Depot  
  29  25:15  Marine  
  30  25:21  Marine x3  
  30  25:22  Marine  
  30  25:25  Marine  
  35  25:31  Marine x2  
  35  25:32  Marine  
  35  25:33  Marine  
  39  25:35  Supply Depot  
  39  25:39  Marine x4  
  39  25:40  Missile Turret  
  43  25:43  Marine  
Show
View Real Time Build Order
Export as new Build Order

CYGamer Terran 

Build Orders:  

Get SALT Encoding   

  12  0:04  SCV  
  13  0:23  SCV  
  15  0:35  SCV  
  15  0:37  Supply Depot  
  15  0:58  SCV  
  15  0:59  Refinery  
  15  1:00  Refinery  
  15  1:01  Barracks  
  16  1:10  Supply Depot  
  16  1:28  SCV  
  17  1:40  SCV  
  18  1:49  Supply Depot  
  18  1:52  SCV  
  19  1:55  Factory  
  19  2:17  Factory  
  19  2:22  SCV  
  20  2:30  Barracks Reactor  
  20  3:01  Orbital Command  
  20  3:03  Factory Tech Lab  
  20  3:14  Barracks Tech Lab  
  20  3:23  Cyclone  
  20  3:24  Cyclone  
  26  3:28  Siege Tank  
  26  3:33  SCV  
  30  3:38  Marauder  
  32  3:45  Supply Depot  
  32  3:49  SCV  
  33  4:00  Marauder  
  33  4:01  Cyclone  
  38  4:12  Cyclone  
  41  4:35  Cyclone  
  41  4:37  SCV  
  45  4:49  Widow Mine  
  47  4:53  Supply Depot  
  47  4:56  Supply Depot  
  47  5:15  SCV, Widow Mine  
  47  5:17  Engineering Bay  
  50  5:27  SCV  
  51  5:39  SCV  
  43  5:55  Cyclone x2  
  43  6:34  Marauder  
  43  6:36  Widow Mine x2  
  43  6:55  Marauder  
  36  7:42  SCV  
  36  7:43  Siege Tank  
  37  7:45  Missile Turret  
  37  7:47  Missile Turret  
  33  7:57  Armory  
  33  7:59  Supply Depot, Command Center  
  33  8:01  Supply Depot  
  33  8:02  Supply Depot  
  33  8:04  Refinery x2  
  33  8:18  Factory  
  33  8:20  Factory  
  33  8:21  Missile Turret  
  33  8:26  Supply Depot  
  33  8:41  Supply Depot  
  33  8:45  SCV  
  34  8:49  Terran Vehicle Weapons Level 1  
  34  9:02  SCV, Sensor Tower  
  35  9:09  Factory Tech Lab  
  35  9:11  Factory Reactor, Factory Tech Lab  
  35  9:22  Orbital Command  
  35  9:33  Widow Mine x3  
  35  9:37  SCV  
  42  9:49  SCV  
  42  9:51  Widow Mine x2  
  42  9:52  SCV  
  48  10:01  SCV  
  48  10:04  SCV  
  50  10:18  Widow Mine x4  
  50  10:19  Widow Mine  
  50  10:20  SCV x2  
  62  10:30  Command Center  
  62  10:32  SCV  
  63  10:36  SCV  
  64  10:44  SCV  
  64  10:45  Thor  
  64  10:48  Missile Turret, SCV  
  64  10:49  Thor  
  78  10:50  Missile Turret  
  78  10:56  SCV  
  79  10:59  Siege Tank  
  79  11:00  SCV  
  83  11:05  Missile Turret  
  83  11:07  Missile Turret  
  83  11:08  SCV  
  84  11:12  SCV  
  85  11:20  SCV  
  85  11:24  SCV  
  87  11:25  Terran Vehicle Weapons Level 2  
  87  11:32  SCV  
  88  11:33  Armory  
  88  11:36  SCV  
  88  11:38  Sensor Tower  
  89  11:44  SCV  
  91  11:48  Orbital Command  
  90  12:02  SCV  
  90  12:06  Hellion  
  93  12:13  SCV  
  98  12:15  Widow Mine  
  98  12:16  Widow Mine x3  
  98  12:17  SCV x2  
  104  12:27  SCV  
  105  12:39  Thor x3  
  105  12:40  Missile Turret  
  121  12:58  Missile Turret  
  121  13:01  SCV x3  
  124  13:22  Thor  
  88  13:40  Thor  
  85  13:46  SCV x3  
  88  13:48  Refinery  
  88  13:50  Refinery  
  88  13:54  Terran Vehicle And Ship Armor Level 1  
  70  14:04  Thor  
  70  14:06  Widow Mine x3  
  82  14:29  SCV x3  
  85  14:34  Terran Vehicle Weapons Level 3  
  85  14:36  Supply Depot  
  85  14:38  Supply Depot x2  
  85  14:41  SCV x2  
  85  14:43  Widow Mine x3  
  85  14:44  SCV  
  88  14:53  SCV x2  
  84  15:20  Widow Mine x5  
  94  15:27  SCV x2  
  94  15:33  SCV  
  95  15:41  Siege Tank x2, Widow Mine x2  
  105  15:45  SCV  
  105  15:48  Thor  
  112  16:12  Missile Turret  
  112  16:13  Missile Turret  
  112  16:15  Missile Turret  
  112  16:19  Missile Turret  
  110  16:41  Missile Turret x2  
  110  16:47  Thor x3  
  122  17:30  Siege Tank x2  
  127  17:38  Thor  
  133  18:02  Siege Tank  
  120  18:17  Thor  
  126  18:28  SCV x3  
  135  18:34  Widow Mine x4  
  135  18:40  SCV x2  
  135  18:41  SCV  
  140  18:52  SCV  
  143  18:55  Widow Mine  
  143  19:15  Widow Mine x4  
  143  19:17  Widow Mine  
  153  19:21  Command Center  
  153  19:36  Widow Mine  
  151  20:04  Widow Mine x4  
  151  20:05  Widow Mine  
  151  20:10  Missile Turret x2  
  151  20:11  SCV x2  
  151  20:12  Missile Turret x2  
  151  20:13  Missile Turret  
  149  20:25  Widow Mine  
  149  20:26  Widow Mine x3  
  157  20:33  Widow Mine  
  145  20:47  Widow Mine  
  138  20:52  Widow Mine  
  138  20:53  Widow Mine x2  
  138  20:54  Widow Mine  
  122  21:08  Widow Mine  
  110  21:14  Widow Mine x3  
  110  21:16  Widow Mine  
  106  21:30  Widow Mine  
  106  21:31  Refinery  
  106  21:32  Refinery  
  108  21:35  Widow Mine x3  
  108  21:37  Thor  
  120  21:56  Thor x2  
  132  22:03  Widow Mine x2  
  134  22:19  Thor  
  108  22:24  Widow Mine x2  
  100  22:39  Thor x2  
  97  22:55  Widow Mine x2  
  94  23:02  Thor  
  95  23:17  Widow Mine x2  
  99  23:22  Thor  
  85  23:38  Widow Mine x2  
Show
View Real Time Build Order
Export as new Build Order

deadtime Terran 

Build Orders:  

Get SALT Encoding   

  12  0:29  Supply Depot  
  12  0:56  Barracks  
  12  0:57  Barracks  
  12  0:58  Barracks  
  12  1:01  SCV  
  13  1:13  SCV  
  14  1:55  Refinery  
  14  1:56  Refinery  
  14  2:34  SCV  
  15  2:41  Barracks Reactor  
  15  2:42  Marine  
  15  2:43  Marine  
  17  2:46  SCV  
  18  2:58  SCV  
  19  3:00  Marine x2  
  21  3:10  SCV  
  23  3:26  Barracks Reactor  
  23  3:29  Barracks Reactor  
  23  3:33  Orbital Command  
  22  4:05  Supply Depot  
  22  4:08  Supply Depot  
  22  4:37  Barracks  
  22  4:40  Barracks  
  22  4:41  Marine x6  
  28  4:58  Marine x2  
  28  4:59  Marine x4  
  34  5:16  Marine x3  
  34  5:17  Marine  
  38  5:47  Command Center  
  38  5:51  Barracks Reactor  
  38  5:52  Barracks Reactor  
  38  5:58  SCV  
  39  6:46  SCV  
  22  6:58  SCV  
  21  7:09  Marine  
  21  7:10  Marine x7  
  21  7:11  Marine x2  
  31  7:27  Marine x2  
  31  7:28  Marine x7  
  31  7:29  Marine  
  41  7:45  Marine x2  
  43  8:11  Factory  
  43  8:14  SCV  
  44  8:24  Refinery  
  44  8:26  SCV  
  45  8:38  SCV  
  46  8:47  Refinery  
  46  8:50  SCV  
  47  9:02  SCV  
  48  9:29  Starport  
  48  9:31  Starport  
  48  9:32  Starport  
  48  9:33  Starport  
  48  9:35  Starport  
  48  9:37  Starport  
  48  10:12  SCV  
  49  10:24  SCV  
  49  10:28  Starport Tech Lab x4  
  50  10:29  Starport Tech Lab x2  
  50  10:30  Fusion Core  
  50  10:36  SCV  
  51  10:48  SCV  
  52  11:00  SCV  
  53  11:25  Supply Depot  
  53  11:26  Supply Depot  
  53  11:28  Supply Depot  
  53  12:13  Battlecruiser x2  
  53  12:14  Battlecruiser  
  71  12:19  Command Center  
  71  13:32  SCV  
  72  13:36  SCV  
  73  13:44  SCV  
  73  13:47  Battlecruiser x2  
  73  13:48  SCV  
  87  13:56  SCV  
  87  14:00  SCV  
  88  14:08  SCV  
  57  14:12  SCV  
  56  14:20  SCV  
  57  14:24  SCV  
  57  14:27  Battlecruiser x2  
  70  14:58  Battlecruiser  
  76  16:10  Battlecruiser x2  
  88  16:50  SCV  
  89  17:02  SCV  
  89  17:05  Supply Depot  
  89  17:06  Supply Depot  
  90  17:09  Supply Depot  
  90  17:11  Supply Depot  
  90  17:13  Supply Depot  
  90  17:14  SCV  
  91  17:26  SCV, Battlecruiser  
  91  17:28  Battlecruiser  
  104  17:30  Battlecruiser  
  104  17:35  Battlecruiser  
  116  18:00  SCV  
  117  18:10  Refinery  
  117  18:11  Refinery  
  117  18:42  SCV  
  117  18:47  Battlecruiser x2  
  130  18:54  SCV  
  131  19:06  SCV  
  132  19:18  SCV  
  133  19:34  Supply Depot  
  133  19:35  Supply Depot  
  133  19:38  Supply Depot  
  133  19:39  Supply Depot  
  133  19:40  Supply Depot  
  133  19:56  SCV  
  134  20:15  Battlecruiser x4  
  158  20:40  Battlecruiser  
  164  20:46  Battlecruiser  
  104  21:37  Battlecruiser x2  
  116  22:09  Engineering Bay  
  104  22:59  Missile Turret x2  
  104  23:01  Barracks, Missile Turret  
  104  23:07  Missile Turret  
  104  23:10  Missile Turret  
  104  23:11  Missile Turret  
  104  23:20  Missile Turret x2  
  104  23:21  Missile Turret  
  104  23:26  Missile Turret  
  72  23:46  Missile Turret  
  47  23:51  Missile Turret  
Tags
 
Add a new tag
Caveats
  • Supply blocks, unpowered buildings, or Contaminate may cause inaccurate times.
  • Supply counts are checked every 10 seconds.